Harfangs vs Saguenéens
(R1)
Created - 10 novembre 2013 at 19:02
Goals
|
| Harfangs |
1 |
1 |
1 |
3 |
| Saguenéens |
2 |
0 |
3 |
5 |
|
Shots
|
| Harfangs |
4 |
12 |
18 |
34 |
| Saguenéens |
10 |
12 |
12 |
34 |
|
1st period
1. Harfangs , Dustin Jeffrey 1 (Michal Repik, Brian Lashoff) at 12:12
2. Saguenéens , Jarkko Ruutu 5 (Trevor Daley, Kyle Brodziak) at 16:11
3. Saguenéens , Petteri Wirtanen 3 (Mike Van Ryn) at 19:25
Penalties :
Rhett Rakhshani (Chi) for Holding (Minor) at 1:52, Wayne Simmonds (Chi) for Holding (Minor) at 8:47, Stefan Ruzicka (BEA) for Hooking (Minor) at 13:10, Colton Orr (BEA) for Roughing (Minor) at 17:08
2nd period
4. Harfangs , Colton Orr 4 (Stefan Ruzicka, Victor Bartley) at 6:17
Penalties :
Justin Schultz (Chi) for Hooking (Minor) at 4:52, Alexandre Picard (BEA) for Hooking (Minor) at 4:52, Kyle Brodziak (Chi) for Holding (Minor) at 17:27
3rd period
5. Saguenéens , Brandon Yip 5 (Kyle Brodziak) at 2:06 (SH)
6. Harfangs , Stephane Da Costa 4 (Colton Orr) at 3:34
7. Saguenéens , Evgeny Dadonov 8 (Mike Van Ryn, Brian Flynn) at 3:49
8. Saguenéens , Brandon Yip 6 (Brian Flynn, Dwight King) at 13:11 (PP)
Penalties :
Mike Van Ryn (Chi) for Hooking (Minor) at 1:06, Petri Kontiola (BEA) for Hooking (Minor) at 4:51, Angelo Esposito (BEA) for Tripping (Minor) at 11:43, Dwight King (Chi) for Hooking (Minor) at 14:53
Goalie Stats
Ray Emery (BEA), 29 saves from 34 shots - (0,853), L, 3-3-0, 60:00 minutes
James Reimer (Chi), 31 saves from 34 shots - (0,912), W, 3-1-1, 60:00 minutes
Players Stats for Harfangs
Player Name G A P +/- PIM S H SB GA TA FO MP PP MP PK MP
------------------------------------------------------------------------------------
Alex Killorn 0 0 0 0 0 0 1 0 0 0 14/28 14:55 0:09 0:00
Alexandre Picard 0 0 0 0 2 4 4 0 0 3 0/0 28:14 6:25 4:41
Andrew Orpik 0 0 0 -2 0 2 0 2 0 0 0/0 20:45 3:30 2:44
Angelo Esposito 0 0 0 1 2 0 2 0 0 0 1/5 5:59 0:00 0:00
Brian Lashoff 0 1 1 0 0 0 1 0 0 0 0/0 13:05 0:00 0:00
Colton Orr 1 1 2 0 2 2 1 2 1 0 0/0 11:24 0:00 1:33
Dustin Jeffrey 1 0 1 1 0 2 1 1 0 0 0/1 8:44 0:00 2:00
Marcel Hossa 0 0 0 -1 0 8 2 1 1 1 7/14 26:46 5:56 4:33
Mark Giordano 0 0 0 0 0 4 2 1 0 2 0/0 30:09 6:25 4:41
Michal Repik 0 1 1 1 0 0 0 0 0 0 0/0 6:00 0:00 0:00
Nick Holden 0 0 0 1 0 1 0 0 0 0 0/0 11:22 0:00 0:00
Pavel Vorobiev 0 0 0 -1 0 3 0 0 0 1 1/4 26:46 5:56 4:33
Peter Olvecky 0 0 0 -1 0 0 1 0 0 0 0/0 10:17 0:09 0:42
Petri Kontiola 0 0 0 -2 2 1 2 0 0 0 7/17 16:51 6:05 0:00
Sergei Kostitsyn 0 0 0 -1 0 4 1 0 0 0 0/1 14:08 3:50 0:00
Stefan Ruzicka 0 1 1 0 2 2 1 0 0 0 1/2 16:15 3:50 1:29
Stephane Da Costa 1 0 1 -1 0 1 1 0 0 0 2/4 12:05 3:50 0:00
Victor Bartley 0 1 1 -1 0 0 2 3 0 0 0/0 16:46 3:30 2:44
Players Stats for Saguenéens
Player Name G A P +/- PIM S H SB GA TA FO MP PP MP PK MP
------------------------------------------------------------------------------------
Brandon Burlon 0 0 0 -1 0 1 0 1 0 0 0/0 11:21 0:00 0:34
Brandon Yip 2 0 2 0 0 5 3 1 0 0 0/0 20:48 3:41 4:46
Brian Flynn 0 2 2 1 0 0 0 0 0 0 6/14 15:04 3:35 0:34
David Laliberté 0 0 0 1 0 0 2 0 0 0 0/0 8:37 0:00 0:00
Dwight King 0 1 1 0 2 0 5 0 0 0 0/0 15:00 3:35 0:28
Evgeny Dadonov 1 0 1 -1 0 5 0 0 4 1 0/1 17:47 3:44 0:00
Henrik Tallinder 0 0 0 -1 0 4 1 1 1 0 0/0 16:54 0:00 5:16
Ian Cole 0 0 0 2 0 0 2 1 0 0 0/0 18:16 3:37 0:00
Jarkko Ruutu 1 0 1 1 0 1 1 1 0 0 1/1 12:16 0:06 4:41
Justin Schultz 0 0 0 0 2 0 1 4 0 0 0/0 24:24 3:48 4:39
Kyle Brodziak 0 2 2 0 2 4 3 0 0 0 13/20 17:19 0:23 4:09
Mike Van Ryn 0 2 2 1 2 1 1 1 0 0 0/0 23:40 3:37 4:05
Petteri Wirtanen 1 0 1 1 0 2 1 0 0 0 2/4 8:39 0:00 0:00
Rhett Rakhshani 0 0 0 1 2 1 0 0 0 0 1/2 7:46 1:15 0:00
Trevor Daley 0 1 1 1 0 3 5 1 0 0 0/0 25:48 3:48 5:16
Tyler McNeely 0 0 0 1 0 0 0 0 0 0 2/2 7:56 0:00 0:00
Wayne Primeau 0 0 0 -1 0 3 0 0 0 0 14/25 15:06 2:12 2:40
Wayne Simmonds 0 0 0 -1 2 4 4 2 2 1 4/7 21:19 3:44 2:32
3 Stars
1 - Brandon Yip (Chi)
2 - Trevor Daley (Chi)
3 - Jarkko Ruutu (Chi)
Power Play
Harfangs - 0 on 5 Attempt(s) - 0,00%
Saguenéens - 1 on 4 Attempt(s) - 25,00%
Penalty Kill
Harfangs - 3 on 4 Attempt(s) - 75,00%
- Score 0 goal in Penalty Kill
Saguenéens - 5 on 5 Attempt(s) - 100,00%
- Score 1 goal in Penalty Kill
Official
Referees : Walsh Ian and Hasenfratz Mike
Linesman : Vaughan Rody and Mark Wheler
Game Notes
Wayne Primeau is injured at 19:38 of 2nd period (Bruised Left Shoulder)
Finance
Level 1 -- Attendance: 1558 (77,90%) -- Ticket Income 48 298 $
Level 2 -- Attendance: 806 (80,60%) -- Ticket Income 9 672 $
Total Attendance: 2364 (78,80%)
Total Ticket Income: 57 970 $
Other Income: 2 898 $
Total Income: 60 868 $
Harfangs
5 vs 5 Forward
Center Left Wing Right Wing Time % Phy DF OF
1 Alex Killorn Marcel Hossa Pavel Vorobiev 40 1 2 2
2 Petri Kontiola Sergei Kostitsyn Stefan Ruzicka 30 1 2 2
3 Stephane Da Costa Peter Olvecky Colton Orr 20 1 2 2
4 Angelo Esposito Dustin Jeffrey Michal Repik 10 1 2 2
5 vs 5 Defense
Defense Defense Time % Phy DF OF
1 Mark Giordano Alexandre Picard 40 1 2 2
2 Andrew Orpik Brian Lashoff 30 1 2 2
3 Nick Holden Victor Bartley 20 1 2 2
4 Mark Giordano Alexandre Picard 10 1 2 2
PowerPlay Forward
Center Left Wing Right Wing Time % Phy DF OF
1 Petri Kontiola Marcel Hossa Pavel Vorobiev 60 1 2 2
2 Stephane Da Costa Sergei Kostitsyn Stefan Ruzicka 40 1 2 2
PowerPlay Defense
Defense Defense Time % Phy DF OF
1 Mark Giordano Alexandre Picard 60 1 2 2
2 Andrew Orpik Victor Bartley 40 1 2 2
Penalty Kill 4 Players Forward
Center Wing Time % Phy DF OF
1 Marcel Hossa Pavel Vorobiev 60 1 2 2
2 Stefan Ruzicka Colton Orr 40 1 2 2
Penalty Kill 4 Players Defense
Defense Defense Time % Phy DF OF
1 Mark Giordano Alexandre Picard 60 1 2 2
2 Andrew Orpik Victor Bartley 40 1 2 2
Penalty Kill - 3 Players Forward
Forward Time % Phy DF OF
1 Marcel Hossa 60 1 2 2
2 Pavel Vorobiev 40 1 2 2
Penalty Kill - 3 Players Defense
Defense Defense Time % Phy DF OF
1 Mark Giordano Alexandre Picard 60 1 2 2
2 Andrew Orpik Victor Bartley 40 1 2 2
4 vs 4 Forward
Center Wing Time % Phy DF OF
1 Marcel Hossa Pavel Vorobiev 60 1 2 2
2 Stefan Ruzicka Colton Orr 40 1 2 2
4 vs 4 Defense
Defense Defense Time % Phy DF OF
1 Mark Giordano Alexandre Picard 60 1 2 2
2 Andrew Orpik Victor Bartley 40 1 2 2
Last Minutes Offensive
Center Left Wing Right Wing Defense Defense
Petri Kontiola Marcel Hossa Pavel Vorobiev Mark Giordano Alexandre Picard
Last Minutes Defensive
Center Left Wing Right Wing Defense Defense
Petri Kontiola Marcel Hossa Pavel Vorobiev Mark Giordano Alexandre Picard
Goaltenders
Starting : Ray Emery
Backup : Marek Schwarz
Extra Forwards
Normal : Peter Olvecky, Alex Killorn, Dustin Jeffrey - PP : Peter Olvecky, Alex Killorn - PK : Dustin Jeffrey
Extra Defensemen
Normal : Nick Holden, Brian Lashoff, Andrew Orpik - PP : Nick Holden - PK : Brian Lashoff, Andrew Orpik
Penalty Shots
Marcel Hossa, Pavel Vorobiev, Stefan Ruzicka, Colton Orr, Sergei Kostitsyn
Saguenéens
5 vs 5 Forward
Center Left Wing Right Wing Time % Phy DF OF
1 Wayne Primeau Evgeny Dadonov Wayne Simmonds 40 1 1 3
2 Kyle Brodziak Dwight King Brandon Yip 30 1 1 3
3 Brian Flynn Jarkko Ruutu Rhett Rakhshani 16 1 2 2
4 Petteri Wirtanen Tyler McNeely David Laliberté 14 1 2 2
5 vs 5 Defense
Defense Defense Time % Phy DF OF
1 Justin Schultz Trevor Daley 32 1 2 2
2 Ian Cole Mike Van Ryn 32 1 2 2
3 Brandon Burlon Henrik Tallinder 26 1 2 2
4 Justin Schultz Mike Van Ryn 10 0 2 3
PowerPlay Forward
Center Left Wing Right Wing Time % Phy DF OF
1 Wayne Primeau Evgeny Dadonov Wayne Simmonds 60 0 1 4
2 Brian Flynn Dwight King Brandon Yip 40 0 1 4
PowerPlay Defense
Defense Defense Time % Phy DF OF
1 Justin Schultz Trevor Daley 60 0 2 3
2 Ian Cole Mike Van Ryn 40 0 2 3
Penalty Kill 4 Players Forward
Center Wing Time % Phy DF OF
1 Kyle Brodziak Jarkko Ruutu 50 1 3 1
2 Wayne Primeau Brandon Yip 50 1 3 1
Penalty Kill 4 Players Defense
Defense Defense Time % Phy DF OF
1 Justin Schultz Mike Van Ryn 50 1 3 1
2 Henrik Tallinder Trevor Daley 50 1 3 1
Penalty Kill - 3 Players Forward
Forward Time % Phy DF OF
1 Jarkko Ruutu 50 1 3 1
2 Wayne Primeau 50 1 3 1
Penalty Kill - 3 Players Defense
Defense Defense Time % Phy DF OF
1 Justin Schultz Mike Van Ryn 50 1 3 1
2 Henrik Tallinder Trevor Daley 50 1 3 1
4 vs 4 Forward
Center Wing Time % Phy DF OF
1 Kyle Brodziak Brandon Yip 50 1 1 3
2 Wayne Primeau Wayne Simmonds 50 1 1 3
4 vs 4 Defense
Defense Defense Time % Phy DF OF
1 Justin Schultz Mike Van Ryn 50 1 2 2
2 Trevor Daley Ian Cole 50 1 2 2
Last Minutes Offensive
Center Left Wing Right Wing Defense Defense
Wayne Primeau Evgeny Dadonov Wayne Simmonds Justin Schultz Trevor Daley
Last Minutes Defensive
Center Left Wing Right Wing Defense Defense
Wayne Primeau Evgeny Dadonov Wayne Simmonds Trevor Daley Mike Van Ryn
Goaltenders
Starting : James Reimer
Backup : Chad Johnson
Extra Forwards
Normal : Brian Flynn, Wayne Primeau, Evgeny Dadonov - PP : Wayne Primeau, Rhett Rakhshani - PK : Wayne Simmonds
Extra Defensemen
Normal : Mike Van Ryn, Trevor Daley, Henrik Tallinder - PP : Henrik Tallinder - PK : Brandon Burlon, Ian Cole
Penalty Shots
Brandon Yip, Wayne Simmonds, Evgeny Dadonov, Jarkko Ruutu, Wayne Primeau
% Time on Ice - Harfangs
Lines # - Real PCT - Wanted PCT - Time Play
Normal Forward
1 - 38% - 40% - 15:39
2 - 26% - 30% - 10:33
3 - 21% - 20% - 8:29
4 - 15% - 10% - 6:00
Normal Defense
1 - 42% - 40% - 17:03
2 - 34% - 30% - 13:51
3 - 22% - 20% - 9:06
4 - 2% - 10% - 0:41
PP Forward
1 - 61% - 60% - 6:05
2 - 39% - 40% - 3:50
PP Defense
1 - 65% - 60% - 6:25
2 - 35% - 40% - 3:30
PK Forward
1 - 71% - 60% - 5:15
2 - 29% - 40% - 2:10
PK Defense
1 - 63% - 60% - 4:41
2 - 37% - 40% - 2:44
PK3 Forward
1 - 0% - 60%
2 - 0% - 40%
PK3 Defense
1 - 0% - 60%
2 - 0% - 40%
44 Forward
1 - 80% - 60% - 1:35
2 - 20% - 40% - 0:24
44 Defense
1 - 66% - 60% - 1:19
2 - 34% - 40% - 0:40
Last Minute Offensive - 0:00
Last Minute Defensive - 0:00
Total
Forward - 60:00
Defense - 60:00
|
% Time on Ice - Saguenéens
Lines # - Real PCT - Wanted PCT - Time Play
Normal Forward
1 - 38% - 40% - 15:19
2 - 28% - 30% - 11:15
3 - 15% - 16% - 6:11
4 - 20% - 14% - 7:56
Normal Defense
1 - 35% - 32% - 14:25
2 - 35% - 32% - 14:17
3 - 26% - 26% - 10:28
4 - 4% - 10% - 1:31
PP Forward
1 - 52% - 60% - 3:50
2 - 48% - 40% - 3:35
PP Defense
1 - 51% - 60% - 3:48
2 - 49% - 40% - 3:37
PK Forward
1 - 49% - 50% - 4:50
2 - 51% - 50% - 5:05
PK Defense
1 - 47% - 50% - 4:39
2 - 53% - 50% - 5:16
PK3 Forward
1 - 0% - 50%
2 - 0% - 50%
PK3 Defense
1 - 0% - 50%
2 - 0% - 50%
44 Forward
1 - 54% - 50% - 1:04
2 - 46% - 50% - 0:55
44 Defense
1 - 45% - 50% - 0:53
2 - 55% - 50% - 1:06
Last Minute Offensive - 0:00
Last Minute Defensive - 0:00
Total
Forward - 60:00
Defense - 60:00
|
Play by Play
1st period
0:01 of 1st period - Alex Killorn wins face-off versus Wayne Primeau in neutral zone.
0:06 of 1st period - Slapshot by Marcel Hossa.
0:06 of 1st period - Shot Misses the Net.
0:08 of 1st period - Snap shot by Alexandre Picard.
0:08 of 1st period - Shot Blocked by Wayne Simmonds.
0:26 of 1st period - Snap shot by Jarkko Ruutu.
0:26 of 1st period - Shot Misses the Net.
0:32 of 1st period - Slapshot by Marcel Hossa.
0:32 of 1st period - Shot Misses the Net.
0:37 of 1st period - Icing by Jarkko Ruutu.
0:38 of 1st period - Petri Kontiola wins face-off versus Brian Flynn in Saguenéens zone.
0:45 of 1st period - Wrist shot by Sergei Kostitsyn.
0:45 of 1st period - Stopped by James Reimer without a rebound.
0:46 of 1st period - Kyle Brodziak wins face-off versus Petri Kontiola in Saguenéens zone.
1:52 of 1st period - Minor Penalty to Rhett Rakhshani for Holding.
1:53 of 1st period - Jarkko Ruutu wins face-off versus Petri Kontiola in Saguenéens zone.
3:52 of 1st period - Penalty to Rhett Rakhshani is over, Rhett Rakhshani is back on ice.
4:09 of 1st period - Mike Van Ryn is hit by Victor Bartley and loses puck.
4:20 of 1st period - Peter Olvecky is hit by Wayne Simmonds and loses puck.
4:43 of 1st period - Marcel Hossa is hit by Trevor Daley and loses puck.
5:26 of 1st period - Icing by Michal Repik.
5:27 of 1st period - Petteri Wirtanen wins face-off versus Angelo Esposito in Harfangs zone.
5:44 of 1st period - Slapshot by Kyle Brodziak.
5:44 of 1st period - Stopped by Ray Emery with a rebound.
5:46 of 1st period - Backhand shot by Kyle Brodziak.
5:46 of 1st period - Shot Blocked by Victor Bartley.
6:52 of 1st period - Snap shot by Kyle Brodziak.
6:52 of 1st period - Stopped by Ray Emery with a rebound.
6:54 of 1st period - Slapshot by Henrik Tallinder.
6:54 of 1st period - Stopped by Ray Emery with a rebound.
7:46 of 1st period - Pavel Vorobiev is hit by Kyle Brodziak and loses puck.
7:57 of 1st period - Marcel Hossa is hit by Dwight King and loses puck.
8:10 of 1st period - Sergei Kostitsyn is hit by David Laliberté and loses puck.
8:27 of 1st period - Wrist shot by Stephane Da Costa.
8:27 of 1st period - Shot Misses the Net.
8:47 of 1st period - Minor Penalty to Wayne Simmonds for Holding.
8:48 of 1st period - Kyle Brodziak wins face-off versus Petri Kontiola in Saguenéens zone.
9:50 of 1st period - Brandon Yip is hit by Sergei Kostitsyn and loses puck.
10:41 of 1st period - Marcel Hossa is hit by Trevor Daley and loses puck.
10:47 of 1st period - Penalty to Wayne Simmonds is over, Wayne Simmonds is back on ice.
11:00 of 1st period - Brian Flynn is hit by Marcel Hossa and loses puck.
11:05 of 1st period - Snap shot by Marcel Hossa.
11:05 of 1st period - Deflect By Petri Kontiola.
11:05 of 1st period - Shot Blocked by Wayne Simmonds.
11:05 of 1st period - Puck is out of play.
11:06 of 1st period - Petteri Wirtanen wins face-off versus Angelo Esposito in Saguenéens zone.
11:32 of 1st period - Henrik Tallinder is hit by Colton Orr and loses puck.
12:12 of 1st period - Slapshot by Dustin Jeffrey.
12:12 of 1st period - Goal by Dustin Jeffrey - Harfangs : 1 - Saguenéens : 0.
12:13 of 1st period - Alex Killorn wins face-off versus Wayne Primeau in neutral zone.
12:13 of 1st period - Marcel Hossa is hit by Trevor Daley and loses puck.
12:28 of 1st period - Slapshot by Wayne Primeau.
12:28 of 1st period - Stopped by Ray Emery without a rebound.
12:29 of 1st period - Kyle Brodziak wins face-off versus Petri Kontiola in Harfangs zone.
12:54 of 1st period - Alexandre Picard is hit by Trevor Daley and loses puck.
13:01 of 1st period - Snap shot by Wayne Primeau.
13:01 of 1st period - Stopped by Ray Emery without a rebound.
13:02 of 1st period - Wayne Primeau wins face-off versus Petri Kontiola in Harfangs zone.
13:05 of 1st period - Slapshot by Wayne Primeau.
13:05 of 1st period - Shot Misses the Net.
13:07 of 1st period - Snap shot by Wayne Simmonds.
13:07 of 1st period - Stopped by Ray Emery without a rebound.
13:08 of 1st period - Wayne Primeau wins face-off versus Petri Kontiola in Harfangs zone.
13:10 of 1st period - Minor Penalty to Stefan Ruzicka for Hooking.
13:11 of 1st period - Marcel Hossa wins face-off versus Wayne Primeau in Harfangs zone.
13:49 of 1st period - Off-side.
13:50 of 1st period - Wayne Primeau wins face-off versus Dustin Jeffrey in neutral zone.
13:53 of 1st period - Snap shot by Wayne Simmonds.
13:53 of 1st period - Shot Blocked by Andrew Orpik.
13:55 of 1st period - Wrist shot by Evgeny Dadonov.
13:55 of 1st period - Shot Misses the Net.
13:57 of 1st period - Slapshot by Justin Schultz.
13:57 of 1st period - Deflect By Wayne Primeau.
13:57 of 1st period - Stopped by Ray Emery without a rebound.
13:58 of 1st period - Marcel Hossa wins face-off versus Wayne Primeau in Harfangs zone.
15:10 of 1st period - Penalty to Stefan Ruzicka is over, Stefan Ruzicka is back on ice.
15:17 of 1st period - Icing by Colton Orr.
15:18 of 1st period - Petri Kontiola wins face-off versus Petteri Wirtanen in Harfangs zone.
15:56 of 1st period - Brian Lashoff is hit by Wayne Simmonds and loses puck.
16:11 of 1st period - Snap shot by Jarkko Ruutu.
16:11 of 1st period - Goal by Jarkko Ruutu - Harfangs : 1 - Saguenéens : 1.
16:12 of 1st period - Alex Killorn wins face-off versus Wayne Primeau in neutral zone.
16:24 of 1st period - Snap shot by Mike Van Ryn.
16:24 of 1st period - Deflect By Wayne Simmonds.
16:24 of 1st period - Shot Blocked by Mark Giordano.
16:24 of 1st period - Puck is out of play.
16:25 of 1st period - Wayne Primeau wins face-off versus Alex Killorn in Harfangs zone.
16:50 of 1st period - Mark Giordano is hit by Dwight King and loses puck.
17:08 of 1st period - Minor Penalty to Colton Orr for Roughing.
17:09 of 1st period - Wayne Primeau wins face-off versus Marcel Hossa in Harfangs zone.
17:45 of 1st period - Off-side.
17:46 of 1st period - Stefan Ruzicka wins face-off versus Brian Flynn in neutral zone.
17:51 of 1st period - Slapshot by Andrew Orpik.
17:51 of 1st period - Shot Blocked by Brandon Yip.
18:15 of 1st period - Off-side.
18:16 of 1st period - Marcel Hossa wins face-off versus Wayne Primeau in neutral zone.
18:19 of 1st period - Slapshot by Mark Giordano.
18:19 of 1st period - Stopped by James Reimer without a rebound.
18:20 of 1st period - Marcel Hossa wins face-off versus Wayne Primeau in Saguenéens zone.
18:27 of 1st period - Snap shot by Marcel Hossa.
18:27 of 1st period - Stopped by James Reimer without a rebound.
18:28 of 1st period - Wayne Primeau wins face-off versus Pavel Vorobiev in Saguenéens zone.
19:08 of 1st period - Penalty to Colton Orr is over, Colton Orr is back on ice.
19:25 of 1st period - Snap shot by Petteri Wirtanen.
19:25 of 1st period - Goal by Petteri Wirtanen - Harfangs : 1 - Saguenéens : 2.
19:26 of 1st period - Wayne Primeau wins face-off versus Alex Killorn in neutral zone.
19:51 of 1st period - Sergei Kostitsyn is hit by Dwight King and loses puck.
19:56 of 1st period - Wrist shot by Kyle Brodziak.
19:56 of 1st period - Stopped by Ray Emery with a rebound.
2nd period
0:01 of 2nd period - Alex Killorn wins face-off versus Evgeny Dadonov in neutral zone.
0:30 of 2nd period - Wrist shot by Sergei Kostitsyn.
0:30 of 2nd period - Stopped by James Reimer with a rebound.
0:32 of 2nd period - Slapshot by Petri Kontiola.
0:32 of 2nd period - Shot Misses the Net.
0:34 of 2nd period - Snap shot by Stefan Ruzicka.
0:34 of 2nd period - Shot Blocked by Trevor Daley.
0:36 of 2nd period - Snap shot by Stefan Ruzicka.
0:36 of 2nd period - Shot Blocked by Justin Schultz.
0:54 of 2nd period - Wrist shot by Rhett Rakhshani.
0:54 of 2nd period - Stopped by Ray Emery without a rebound.
0:55 of 2nd period - Wayne Primeau wins face-off versus Alex Killorn in Harfangs zone.
0:56 of 2nd period - Wrist shot by Wayne Simmonds.
0:56 of 2nd period - Shot Misses the Net.
1:25 of 2nd period - Backhand shot by Henrik Tallinder.
1:25 of 2nd period - Stopped by Ray Emery with a rebound.
1:53 of 2nd period - Justin Schultz is hit by Alexandre Picard and loses puck.
2:06 of 2nd period - Snap shot by Jarkko Ruutu.
2:06 of 2nd period - Shot Blocked by Colton Orr.
3:07 of 2nd period - Off-side.
3:08 of 2nd period - Alex Killorn wins face-off versus Kyle Brodziak in neutral zone.
3:10 of 2nd period - Marcel Hossa is hit by Kyle Brodziak and loses puck.
3:17 of 2nd period - Wrist shot by Marcel Hossa.
3:17 of 2nd period - Shot Blocked by Justin Schultz.
3:19 of 2nd period - Slapshot by Nick Holden.
3:19 of 2nd period - Deflect By Justin Schultz.
3:19 of 2nd period - Stopped by James Reimer with a rebound.
3:21 of 2nd period - Backhand shot by Pavel Vorobiev.
3:21 of 2nd period - Stopped by James Reimer without a rebound.
3:22 of 2nd period - Alex Killorn wins face-off versus Wayne Primeau in Saguenéens zone.
3:33 of 2nd period - Wrist shot by Evgeny Dadonov.
3:33 of 2nd period - Shot Blocked by Andrew Orpik.
3:47 of 2nd period - Sergei Kostitsyn is hit by Dwight King and loses puck.
4:36 of 2nd period - Victor Bartley is hit by Henrik Tallinder and loses puck.
4:45 of 2nd period - Slapshot by Marcel Hossa.
4:45 of 2nd period - Stopped by James Reimer without a rebound.
4:46 of 2nd period - Petri Kontiola wins face-off versus Wayne Primeau in Saguenéens zone.
4:47 of 2nd period - Wrist shot by Stefan Ruzicka.
4:47 of 2nd period - Stopped by James Reimer with a rebound.
4:52 of 2nd period - Minor Penalty to Justin Schultz for Hooking.
4:52 of 2nd period - Minor Penalty to Alexandre Picard for Hooking.
4:53 of 2nd period - Marcel Hossa wins face-off versus Kyle Brodziak in Harfangs zone.
4:53 of 2nd period - Marcel Hossa is hit by Trevor Daley.
5:01 of 2nd period - Snap shot by Kyle Brodziak.
5:01 of 2nd period - Stopped by Ray Emery without a rebound.
5:02 of 2nd period - Kyle Brodziak wins face-off versus Marcel Hossa in Harfangs zone.
5:03 of 2nd period - Snap shot by Brandon Yip.
5:03 of 2nd period - Stopped by Ray Emery without a rebound.
5:04 of 2nd period - Marcel Hossa wins face-off versus Wayne Primeau in Harfangs zone.
5:04 of 2nd period - Marcel Hossa is hit by Ian Cole.
5:48 of 2nd period - Slapshot by Trevor Daley.
5:48 of 2nd period - Deflect By Stefan Ruzicka.
5:48 of 2nd period - Stopped by Ray Emery with a rebound.
6:17 of 2nd period - Wrist shot by Colton Orr.
6:17 of 2nd period - Goal by Colton Orr - Harfangs : 2 - Saguenéens : 2.
6:18 of 2nd period - Wayne Primeau wins face-off versus Marcel Hossa in neutral zone.
6:33 of 2nd period - Off-side.
6:34 of 2nd period - Kyle Brodziak wins face-off versus Marcel Hossa in neutral zone.
6:42 of 2nd period - Mark Giordano is hit by Brandon Yip and loses puck.
6:52 of 2nd period - Penalty to Justin Schultz is over, Justin Schultz is back on ice.
6:52 of 2nd period - Penalty to Alexandre Picard is over, Alexandre Picard is back on ice.
8:13 of 2nd period - Wrist shot by Evgeny Dadonov.
8:13 of 2nd period - Shot Misses the Net.
8:15 of 2nd period - Wrist shot by Wayne Primeau.
8:15 of 2nd period - Shot Misses the Net.
8:17 of 2nd period - Snap shot by Mike Van Ryn.
8:17 of 2nd period - Deflect By Evgeny Dadonov.
8:17 of 2nd period - Shot Misses the Net.
8:17 of 2nd period - Puck is out of play.
8:18 of 2nd period - Wayne Primeau wins face-off versus Alex Killorn in Harfangs zone.
8:34 of 2nd period - Snap shot by Wayne Primeau.
8:34 of 2nd period - Deflect By Evgeny Dadonov.
8:34 of 2nd period - Stopped by Ray Emery without a rebound.
8:35 of 2nd period - Kyle Brodziak wins face-off versus Sergei Kostitsyn in Harfangs zone.
8:46 of 2nd period - Slapshot by Mark Giordano.
8:46 of 2nd period - Shot Misses the Net.
8:48 of 2nd period - Slapshot by Alexandre Picard.
8:48 of 2nd period - Shot Blocked by Brandon Burlon.
9:07 of 2nd period - Slapshot by Wayne Simmonds.
9:07 of 2nd period - Shot Misses the Net.
9:19 of 2nd period - Jarkko Ruutu is hit by Angelo Esposito and loses puck.
9:26 of 2nd period - Justin Schultz is hit by Angelo Esposito and loses puck.
9:38 of 2nd period - Icing by Trevor Daley.
9:39 of 2nd period - Tyler McNeely wins face-off versus Stephane Da Costa in Saguenéens zone.
10:09 of 2nd period - Colton Orr is hit by Kyle Brodziak and loses puck.
10:18 of 2nd period - Stephane Da Costa is hit by Brandon Yip.
10:32 of 2nd period - Marcel Hossa is hit by Ian Cole and loses puck.
10:59 of 2nd period - Wrist shot by Jarkko Ruutu.
10:59 of 2nd period - Shot Misses the Net.
11:19 of 2nd period - Wrist shot by Dustin Jeffrey.
11:19 of 2nd period - Shot Misses the Net.
11:21 of 2nd period - Slapshot by Andrew Orpik.
11:21 of 2nd period - Stopped by James Reimer without a rebound.
11:22 of 2nd period - Alex Killorn wins face-off versus Wayne Primeau in Saguenéens zone.
11:27 of 2nd period - Snap shot by Pavel Vorobiev.
11:27 of 2nd period - Shot Misses the Net.
11:29 of 2nd period - Slapshot by Alexandre Picard.
11:29 of 2nd period - Deflect By Marcel Hossa.
11:29 of 2nd period - Stopped by James Reimer with a rebound.
11:31 of 2nd period - Slapshot by Alexandre Picard.
11:31 of 2nd period - Shot Misses the Net.
11:33 of 2nd period - Slapshot by Alexandre Picard.
11:33 of 2nd period - Shot Blocked by Justin Schultz.
11:35 of 2nd period - Slapshot by Alexandre Picard.
11:35 of 2nd period - Stopped by James Reimer without a rebound.
11:36 of 2nd period - Wayne Primeau wins face-off versus Alex Killorn in Saguenéens zone.
11:36 of 2nd period - Wayne Primeau is hit by Marcel Hossa.
11:50 of 2nd period - Wrist shot by Evgeny Dadonov.
11:50 of 2nd period - Stopped by Ray Emery without a rebound.
11:51 of 2nd period - Petri Kontiola wins face-off versus Kyle Brodziak in Harfangs zone.
11:51 of 2nd period - Petri Kontiola is hit by Mike Van Ryn.
11:57 of 2nd period - Kyle Brodziak is hit by Mark Giordano and loses puck.
12:04 of 2nd period - Wrist shot by Stefan Ruzicka.
12:04 of 2nd period - Stopped by James Reimer with a rebound.
12:06 of 2nd period - Snap shot by Sergei Kostitsyn.
12:06 of 2nd period - Stopped by James Reimer with a rebound.
12:39 of 2nd period - Wrist shot by Dustin Jeffrey.
12:39 of 2nd period - Stopped by James Reimer without a rebound.
12:40 of 2nd period - Wayne Primeau wins face-off versus Angelo Esposito in Saguenéens zone.
12:49 of 2nd period - Slapshot by Evgeny Dadonov.
12:49 of 2nd period - Shot Misses the Net.
12:51 of 2nd period - Slapshot by Wayne Simmonds.
12:51 of 2nd period - Stopped by Ray Emery with a rebound.
12:53 of 2nd period - Backhand shot by Evgeny Dadonov.
12:53 of 2nd period - Stopped by Ray Emery with a rebound.
12:55 of 2nd period - Slapshot by Wayne Primeau.
12:55 of 2nd period - Shot Misses the Net.
13:12 of 2nd period - Snap shot by Marcel Hossa.
13:12 of 2nd period - Deflect By Mike Van Ryn.
13:12 of 2nd period - Shot Misses the Net.
13:12 of 2nd period - Puck is out of play.
13:13 of 2nd period - Wayne Primeau wins face-off versus Alex Killorn in Saguenéens zone.
13:13 of 2nd period - Wayne Primeau is hit by Alex Killorn.
13:27 of 2nd period - Slapshot by Pavel Vorobiev.
13:27 of 2nd period - Shot Misses the Net.
13:29 of 2nd period - Snap shot by Pavel Vorobiev.
13:29 of 2nd period - Shot Misses the Net.
13:50 of 2nd period - Wrist shot by Jarkko Ruutu.
13:50 of 2nd period - Deflect By Rhett Rakhshani.
13:50 of 2nd period - Shot Misses the Net.
13:50 of 2nd period - Puck is out of play.
13:51 of 2nd period - Kyle Brodziak wins face-off versus Alex Killorn in Harfangs zone.
13:52 of 2nd period - Snap shot by Brandon Yip.
13:52 of 2nd period - Stopped by Ray Emery with a rebound.
14:18 of 2nd period - Victor Bartley is hit by Wayne Simmonds.
14:38 of 2nd period - Nick Holden is hit by Jarkko Ruutu and loses puck.
15:10 of 2nd period - Wrist shot by Angelo Esposito.
15:10 of 2nd period - Shot Misses the Net.
16:26 of 2nd period - Wrist shot by Brandon Yip.
16:26 of 2nd period - Stopped by Ray Emery with a rebound.
16:34 of 2nd period - Dwight King is hit by Dustin Jeffrey.
16:46 of 2nd period - Slapshot by Henrik Tallinder.
16:46 of 2nd period - Stopped by Ray Emery without a rebound.
16:47 of 2nd period - Alex Killorn wins face-off versus Petteri Wirtanen in Harfangs zone.
17:02 of 2nd period - Snap shot by Petteri Wirtanen.
17:02 of 2nd period - Shot Hit the Post.
17:20 of 2nd period - Wrist shot by Marcel Hossa.
17:20 of 2nd period - Shot Misses the Net.
17:27 of 2nd period - Minor Penalty to Kyle Brodziak for Holding.
17:28 of 2nd period - Wayne Simmonds wins face-off versus Stephane Da Costa in Saguenéens zone.
19:27 of 2nd period - Penalty to Kyle Brodziak is over, Kyle Brodziak is back on ice.
19:28 of 2nd period - Kyle Brodziak is hit by Alexandre Picard and loses puck.
19:36 of 2nd period - Icing by Wayne Primeau.
19:37 of 2nd period - Wayne Primeau wins face-off versus Angelo Esposito in Saguenéens zone.
19:37 of 2nd period - Wayne Primeau is hit by Brian Lashoff.
19:38 of 2nd period - Wayne Primeau from Saguenéens is injured at 19:38 of 2nd period (Bruised Left Shoulder).
19:39 of 2nd period - Brian Flynn wins face-off versus Alex Killorn in Saguenéens zone.
3rd period
0:01 of 3rd period - Brian Flynn wins face-off versus Marcel Hossa in neutral zone.
0:26 of 3rd period - Mark Giordano is hit by Justin Schultz and loses puck.
0:51 of 3rd period - Petteri Wirtanen is hit by Stephane Da Costa and loses puck.
1:05 of 3rd period - Off-side.
1:06 of 3rd period - Angelo Esposito wins face-off versus Brian Flynn in neutral zone.
1:06 of 3rd period - Minor Penalty to Mike Van Ryn for Hooking.
1:07 of 3rd period - Wayne Simmonds wins face-off versus Pavel Vorobiev in Saguenéens zone.
1:16 of 3rd period - Slapshot by Mark Giordano.
1:16 of 3rd period - Shot Blocked by Jarkko Ruutu.
1:18 of 3rd period - Slapshot by Mark Giordano.
1:18 of 3rd period - Shot Blocked by Henrik Tallinder.
1:20 of 3rd period - Snap shot by Alexandre Picard.
1:20 of 3rd period - Shot Misses the Net.
1:22 of 3rd period - Snap shot by Marcel Hossa.
1:22 of 3rd period - Shot Misses the Net.
2:04 of 3rd period - Icing by Andrew Orpik.
2:05 of 3rd period - Kyle Brodziak wins face-off versus Pavel Vorobiev in Harfangs zone.
2:06 of 3rd period - Snap shot by Brandon Yip.
2:06 of 3rd period - Goal by Brandon Yip - Harfangs : 2 - Saguenéens : 3.
2:07 of 3rd period - Kyle Brodziak wins face-off versus Petri Kontiola in neutral zone.
2:15 of 3rd period - Slapshot by Alexandre Picard.
2:15 of 3rd period - Stopped by James Reimer without a rebound.
2:16 of 3rd period - Petri Kontiola wins face-off versus Kyle Brodziak in Saguenéens zone.
3:06 of 3rd period - Penalty to Mike Van Ryn is over, Mike Van Ryn is back on ice.
3:10 of 3rd period - Slapshot by Henrik Tallinder.
3:10 of 3rd period - Deflect By Marcel Hossa.
3:10 of 3rd period - Stopped by Ray Emery with a rebound.
3:24 of 3rd period - Slapshot by Alexandre Picard.
3:24 of 3rd period - Shot Misses the Net.
3:26 of 3rd period - Snap shot by Mark Giordano.
3:26 of 3rd period - Stopped by James Reimer with a rebound.
3:28 of 3rd period - Wrist shot by Marcel Hossa.
3:28 of 3rd period - Stopped by James Reimer without a rebound.
3:29 of 3rd period - Stephane Da Costa wins face-off versus Brian Flynn in Saguenéens zone.
3:32 of 3rd period - Snap shot by Colton Orr.
3:32 of 3rd period - Stopped by James Reimer with a rebound.
3:34 of 3rd period - Snap shot by Stephane Da Costa.
3:34 of 3rd period - Goal by Stephane Da Costa - Harfangs : 3 - Saguenéens : 3.
3:35 of 3rd period - Stephane Da Costa wins face-off versus Brian Flynn in neutral zone.
3:49 of 3rd period - Snap shot by Evgeny Dadonov.
3:49 of 3rd period - Goal by Evgeny Dadonov - Harfangs : 3 - Saguenéens : 4.
3:50 of 3rd period - Brian Flynn wins face-off versus Alex Killorn in neutral zone.
3:50 of 3rd period - Brian Flynn is hit by Alexandre Picard.
3:53 of 3rd period - Off-side.
3:54 of 3rd period - Alex Killorn wins face-off versus Brian Flynn in neutral zone.
3:57 of 3rd period - Wrist shot by Marcel Hossa.
3:57 of 3rd period - Stopped by James Reimer with a rebound.
3:59 of 3rd period - Wrist shot by Alex Killorn.
3:59 of 3rd period - Shot Misses the Net.
4:01 of 3rd period - Snap shot by Marcel Hossa.
4:01 of 3rd period - Deflect By Pavel Vorobiev.
4:01 of 3rd period - Shot Misses the Net.
4:01 of 3rd period - Puck is out of play.
4:02 of 3rd period - Brian Flynn wins face-off versus Alex Killorn in Saguenéens zone.
4:07 of 3rd period - Snap shot by Wayne Simmonds.
4:07 of 3rd period - Stopped by Ray Emery with a rebound.
4:27 of 3rd period - Sergei Kostitsyn is hit by Dwight King and loses puck.
4:51 of 3rd period - Minor Penalty to Petri Kontiola for Hooking.
4:52 of 3rd period - Wayne Simmonds wins face-off versus Marcel Hossa in Harfangs zone.
4:53 of 3rd period - Slapshot by Justin Schultz.
4:53 of 3rd period - Deflect By Wayne Simmonds.
4:53 of 3rd period - Stopped by Ray Emery with a rebound.
4:55 of 3rd period - Backhand shot by Trevor Daley.
4:55 of 3rd period - Shot Blocked by Victor Bartley.
5:01 of 3rd period - Slapshot by Justin Schultz.
5:01 of 3rd period - Shot Misses the Net.
5:03 of 3rd period - Slapshot by Trevor Daley.
5:03 of 3rd period - Stopped by Ray Emery without a rebound.
5:04 of 3rd period - Marcel Hossa wins face-off versus Rhett Rakhshani in Harfangs zone.
5:09 of 3rd period - Slapshot by Wayne Simmonds.
5:09 of 3rd period - Shot Misses the Net.
6:51 of 3rd period - Penalty to Petri Kontiola is over, Petri Kontiola is back on ice.
7:00 of 3rd period - Jarkko Ruutu is hit by Petri Kontiola and loses puck.
7:17 of 3rd period - Backhand shot by David Laliberté.
7:17 of 3rd period - Deflect By Petteri Wirtanen.
7:17 of 3rd period - Shot Misses the Net.
7:17 of 3rd period - Puck is out of play.
7:18 of 3rd period - Tyler McNeely wins face-off versus Petri Kontiola in Harfangs zone.
7:36 of 3rd period - Ian Cole is hit by Stefan Ruzicka and loses puck.
7:56 of 3rd period - Snap shot by Evgeny Dadonov.
7:56 of 3rd period - Shot Misses the Net.
8:08 of 3rd period - Snap shot by Dwight King.
8:08 of 3rd period - Deflect By Brandon Yip.
8:08 of 3rd period - Shot Misses the Net.
8:08 of 3rd period - Puck is out of play.
8:09 of 3rd period - Alex Killorn wins face-off versus Kyle Brodziak in Harfangs zone.
8:24 of 3rd period - Wrist shot by Marcel Hossa.
8:24 of 3rd period - Stopped by James Reimer with a rebound.
9:02 of 3rd period - Andrew Orpik is hit by Petteri Wirtanen and loses puck.
9:43 of 3rd period - Backhand shot by Sergei Kostitsyn.
9:43 of 3rd period - Stopped by James Reimer with a rebound.
10:03 of 3rd period - Wrist shot by Henrik Tallinder.
10:03 of 3rd period - Shot Blocked by Colton Orr.
10:05 of 3rd period - Snap shot by Petteri Wirtanen.
10:05 of 3rd period - Stopped by Ray Emery with a rebound.
10:07 of 3rd period - Slapshot by Brandon Burlon.
10:07 of 3rd period - Stopped by Ray Emery without a rebound.
10:08 of 3rd period - Kyle Brodziak wins face-off versus Alex Killorn in Harfangs zone.
10:09 of 3rd period - Wrist shot by Brandon Yip.
10:09 of 3rd period - Shot Misses the Net.
10:11 of 3rd period - Slapshot by Trevor Daley.
10:11 of 3rd period - Shot Blocked by Marcel Hossa.
10:55 of 3rd period - Stefan Ruzicka is hit by Wayne Simmonds and loses puck.
11:24 of 3rd period - Snap shot by Marcel Hossa.
11:24 of 3rd period - Shot Misses the Net.
11:26 of 3rd period - Snap shot by Alex Killorn.
11:26 of 3rd period - Shot Blocked by Ian Cole.
11:28 of 3rd period - Slapshot by Victor Bartley.
11:28 of 3rd period - Shot Blocked by Mike Van Ryn.
11:30 of 3rd period - Slapshot by Nick Holden.
11:30 of 3rd period - Shot Misses the Net.
11:43 of 3rd period - Minor Penalty to Angelo Esposito for Tripping.
11:44 of 3rd period - Rhett Rakhshani wins face-off versus Marcel Hossa in Harfangs zone.
12:33 of 3rd period - Victor Bartley is hit by Brandon Yip and loses puck.
12:48 of 3rd period - Dwight King is hit by Victor Bartley and loses puck.
13:07 of 3rd period - Slapshot by Brian Flynn.
13:07 of 3rd period - Shot Blocked by Victor Bartley.
13:09 of 3rd period - Snap shot by Brandon Yip.
13:09 of 3rd period - Shot Blocked by Dustin Jeffrey.
13:11 of 3rd period - Wrist shot by Brandon Yip.
13:11 of 3rd period - Goal by Brandon Yip - Harfangs : 3 - Saguenéens : 5.
13:12 of 3rd period - Alex Killorn wins face-off versus Kyle Brodziak in neutral zone.
13:15 of 3rd period - Snap shot by Marcel Hossa.
13:15 of 3rd period - Stopped by James Reimer without a rebound.
13:16 of 3rd period - Alex Killorn wins face-off versus Kyle Brodziak in Saguenéens zone.
13:17 of 3rd period - Slapshot by Pavel Vorobiev.
13:17 of 3rd period - Stopped by James Reimer without a rebound.
13:18 of 3rd period - Kyle Brodziak wins face-off versus Alex Killorn in Saguenéens zone.
13:23 of 3rd period - Wrist shot by Trevor Daley.
13:23 of 3rd period - Deflect By Wayne Simmonds.
13:23 of 3rd period - Shot Misses the Net.
13:23 of 3rd period - Puck is out of play.
13:24 of 3rd period - Brian Flynn wins face-off versus Alex Killorn in Harfangs zone.
13:35 of 3rd period - Slapshot by Mike Van Ryn.
13:35 of 3rd period - Stopped by Ray Emery without a rebound.
13:36 of 3rd period - Brian Flynn wins face-off versus Alex Killorn in Harfangs zone.
13:41 of 3rd period - Wrist shot by Evgeny Dadonov.
13:41 of 3rd period - Stopped by Ray Emery without a rebound.
13:42 of 3rd period - Alex Killorn wins face-off versus Brian Flynn in Harfangs zone.
13:46 of 3rd period - Off-side.
13:47 of 3rd period - Alex Killorn wins face-off versus Brian Flynn in neutral zone.
14:14 of 3rd period - Icing by Brandon Yip.
14:15 of 3rd period - Kyle Brodziak wins face-off versus Petri Kontiola in Saguenéens zone.
14:34 of 3rd period - Slapshot by Kyle Brodziak.
14:34 of 3rd period - Shot Misses the Net.
14:36 of 3rd period - Slapshot by Trevor Daley.
14:36 of 3rd period - Stopped by Ray Emery with a rebound.
14:53 of 3rd period - Minor Penalty to Dwight King for Hooking.
14:54 of 3rd period - Petri Kontiola wins face-off versus Wayne Simmonds in Saguenéens zone.
15:05 of 3rd period - Slapshot by Alexandre Picard.
15:05 of 3rd period - Stopped by James Reimer without a rebound.
15:06 of 3rd period - Pavel Vorobiev wins face-off versus Wayne Simmonds in Saguenéens zone.
15:07 of 3rd period - Slapshot by Marcel Hossa.
15:07 of 3rd period - Shot Misses the Net.
15:09 of 3rd period - Snap shot by Mark Giordano.
15:09 of 3rd period - Deflect By Brandon Yip.
15:09 of 3rd period - Stopped by James Reimer without a rebound.
15:10 of 3rd period - Wayne Simmonds wins face-off versus Petri Kontiola in Saguenéens zone.
15:24 of 3rd period - Slapshot by Alexandre Picard.
15:24 of 3rd period - Stopped by James Reimer without a rebound.
15:25 of 3rd period - Petri Kontiola wins face-off versus Wayne Simmonds in Saguenéens zone.
15:32 of 3rd period - Snap shot by Petri Kontiola.
15:32 of 3rd period - Shot Misses the Net.
15:34 of 3rd period - Slapshot by Marcel Hossa.
15:34 of 3rd period - Shot Blocked by Justin Schultz.
15:36 of 3rd period - Wrist shot by Marcel Hossa.
15:36 of 3rd period - Stopped by James Reimer with a rebound.
15:38 of 3rd period - Slapshot by Alexandre Picard.
15:38 of 3rd period - Deflect By Petri Kontiola.
15:38 of 3rd period - Stopped by James Reimer with a rebound.
15:40 of 3rd period - Slapshot by Mark Giordano.
15:40 of 3rd period - Stopped by James Reimer without a rebound.
15:41 of 3rd period - Kyle Brodziak wins face-off versus Stefan Ruzicka in Saguenéens zone.
15:41 of 3rd period - Kyle Brodziak is hit by Mark Giordano.
15:51 of 3rd period - Wayne Simmonds is hit by Alexandre Picard and loses puck.
16:15 of 3rd period - Backhand shot by Pavel Vorobiev.
16:15 of 3rd period - Stopped by James Reimer with a rebound.
16:53 of 3rd period - Penalty to Dwight King is over, Dwight King is back on ice.
17:12 of 3rd period - Angelo Esposito is hit by David Laliberté and loses puck.
17:47 of 3rd period - Trevor Daley is hit by Petri Kontiola and loses puck.
18:08 of 3rd period - Slapshot by Andrew Orpik.
18:08 of 3rd period - Stopped by James Reimer with a rebound.
18:10 of 3rd period - Snap shot by Nick Holden.
18:10 of 3rd period - Shot Misses the Net.
18:12 of 3rd period - Snap shot by Peter Olvecky.
18:12 of 3rd period - Shot Misses the Net.
18:14 of 3rd period - Slapshot by Colton Orr.
18:14 of 3rd period - Shot Misses the Net.
19:58 of 3rd period - Mike Van Ryn is hit by Peter Olvecky and loses puck.
Output by the SimonT Hockey Simulator (STHS) for François Prévost -- Original Page W3C XHTML 1.0 Valid